 Dungeon Crawl Stone Soup version 0.30-a0-458-g86641cc369 (webtiles) character file.

Game seed: 6389113948927275800

27436 HoaS the Marksgargoyle (level 13, -2/87 HPs)
             Began as a Gargoyle Hunter on Dec 14, 2022.
             Was an Elder of Makhleb.
             Slain by a wolf (7 damage)
             ... on level 3 of the Lair of Beasts.
             The game lasted 00:24:53 (12329 turns).

HoaS the Marksgargoyle (Gargoyle Hunter)           Turns: 12329, Time: 00:24:53

Health: -2/87      AC: 24    Str: 15    XL:     13   Next: 32%
Magic:  13/13      EV: 17    Int: 11    God:    Makhleb [****..]
Gold:   995        SH:  0    Dex: 17    Spells: 12/12 levels left

rFire   + . .      SeeInvis .    m - +2 longbow (flame)
rCold   . . .      Faith    .    (shield currently unavailable)
rNeg    + . .      Spirit   .    u - +0 acid dragon scales
rPois   ∞          Reflect  .    F - +0 helmet
rElec   +          Harm     .    (no cloak)
rCorr   +          Rampage  .    e - +2 pair of gloves
Will    .....                    w - +0 pair of boots
Stlth   ++........               t - amulet of the acrobat
HPRegen 0.34/turn                h - +4 ring of protection
MPRegen 0.13/turn                a - ring of protection from fire

@: marked
A: sickness immunity, AC +9, negative energy resistance 1, electricity
resistance, torment resistance 1, petrification resistance
a: Renounce Religion, Minor Destruction, Lesser Servant of Makhleb, Major
Destruction


You were on level 3 of the Lair of Beasts.
You worshipped Makhleb.
Makhleb was greatly pleased with you.
You visited 3 branches of the dungeon, and saw 14 of its levels.
You also visited: Sewer and Ossuary.

You collected 995 gold pieces.

Inventory:

Hand Weapons
 m - a +2 longbow of flaming (weapon)
Missiles
 E - 5 throwing nets
Armour
 e - a +2 pair of gloves (worn)
 u - +0 acid dragon scales (worn)
 w - a +0 pair of boots (worn)
 D - +0 swamp dragon scales
 F - a +0 helmet (worn)
Jewellery
 a - a ring of protection from fire (right hand)
 h - a +4 ring of protection (left hand)
 i - a +6 ring of strength
 t - an amulet of the acrobat (around neck)
 x - a ring of flight
 y - a ring of see invisible
Wands
 q - a wand of polymorph (13)
 v - a wand of paralysis (8)
 G - a wand of roots (6)
 H - a wand of mindburst (9)
Scrolls
 b - 4 scrolls of immolation
 d - 3 scrolls of teleportation
 f - a scroll of fear
 g - 4 scrolls of poison
 n - 3 scrolls of fog
 s - 2 scrolls of blinking
 J - 3 scrolls of identify
Potions
 c - 3 potions of resistance
 j - 7 potions of curing
 k - 5 potions of mutation
 l - 3 potions of cancellation
 o - 2 potions of invisibility
 p - 3 potions of lignification
 r - a potion of flight
 z - a potion of ambrosia
 A - a potion of might {unknown}
 B - 4 potions of attraction
 C - a potion of magic {unknown}


   Skills:
 + Level 12.9 Fighting
 - Level 15.0 Ranged Weapons
 * Level 10.7 Dodging
 - Level 1.1 Stealth


You had 12 spell levels left.
You didn't know any spells.
Your spell library contained the following spells:

 Spells                   Type           Power      Damage    Failure   Level
 Ensorcelled Hibernation  Hex/Ice        0%         N/A       58%         2
 Poisonous Vapours        Pois/Air       0%         N/A       58%         2
 Wereblood                Tmut           0%         N/A       58%         2
 Ignite Poison            Fire/Tmut/Pois 0%         N/A       83%         3
 Mephitic Cloud           Conj/Pois/Air  0%         N/A       83%         3
 Spider Form              Tmut/Pois      0%         N/A       83%         3
 Anguish                  Hex/Necr       0%         N/A       99%         4
 Sticky Flame             Conj/Fire      0%         2d3       99%         4
 Yara's Violent Unravell  Hex/Tmut       0%         3d3       100%        5
 Enfeeble                 Hex            0%         N/A       100%        7
 Summon Hydra             Summ           0%         N/A       100%        7
 Ignition                 Fire           0%         3d3       100%        8
 Cigotuvi's Dreadful Rot  Necr/Pois/Air  Unusable   N/A       N/A         2
 Sublimation of Blood     Necr           Unusable   N/A       N/A         2

Dungeon Overview and Level Annotations

Branches:
Dungeon (9/15)             Temple (1/1) D:5            Lair (4/5) D:9
  Swamp (0/4) Lair:2       Spider (0/4) Lair:3        Sewer (visited)
Ossuary (visited)
  Slime: Lair:4-5       Orc: D:9-12

Altars:
Ashenzari
Cheibriados
Dithmenos
Elyvilon
Fedhas
Gozag
Hepliaklqana
Kikubaaqudgha
Makhleb
Nemelex Xobeh
Okawaru
Qazlal
Ru
Sif Muna
Trog
Uskayaw
Vehumet
Wu Jian
Xom
Yredelemnul
Zin
The Shining One

Annotations:
Lair:2 3 runed translucent doors, NoAnimeNoLife's ghost, journeyman SpHu


Innate Abilities, Weirdness & Mutations

You are immune to sickness and miasma.
Your stone body is resilient. (AC +9)
You are immune to poison.
You resist negative energy. (rN+)
You are resistant to electric shocks. (rElec)
You are resistant to unholy torment.
You are immune to petrification.


Message History

Aim: a wolf (60% to hit)
You shoot an arrow. The arrow hits the wolf.
The arrow burns the wolf.
The wolf is lightly wounded.
The wolf bites you but does no damage. The wolf completely misses you.
The water moccasin misses you. The yak misses you. x2
The wolf closely misses you.
Fire: m) +2 longbow (flame)
Press: ? - help, Q - select action, (/) - cycle Shift-Dir - straight line, f/p - wolf
Aim: a wolf (lightly wounded, 60% to hit)
You shoot an arrow. The arrow closely misses the wolf.
The wolf barely misses you. x2
The water moccasin bites you but does no damage.
The yak closely misses you. The yak gores you.
* * * LOW HITPOINT WARNING * * *
The wolf barely misses you. The wolf closely misses you.
The water moccasin bites you but does no damage.
Fire: m) +2 longbow (flame)
Press: ? - help, Q - select action, (/) - cycle Shift-Dir - straight line, f/p - wolf
Aim: a wolf (lightly wounded, 60% to hit)
You shoot an arrow. The arrow completely misses the wolf.
The wolf barely misses you. The wolf bites you but does no damage.
The yak closely misses you. The yak gores you but does no damage.
The water moccasin bites you but does no damage.
The wolf closely misses you. The wolf bites you but does no damage.
Fire: m) +2 longbow (flame)
Press: ? - help, Q - select action, (/) - cycle Shift-Dir - straight line, f/p - wolf
Aim: a wolf (lightly wounded, 60% to hit)
You shoot an arrow. The arrow barely misses the wolf.
The wolf closely misses you. The water moccasin bites you.
* * * LOW HITPOINT WARNING * * *
The yak gores you but does no damage. The wolf barely misses you.
The yak gores you!
* * * LOW HITPOINT WARNING * * *
The wolf closely misses you. The water moccasin closely misses you.
Fire: m) +2 longbow (flame)
Press: ? - help, Q - select action, (/) - cycle Shift-Dir - straight line, f/p - wolf
Aim: a wolf (lightly wounded, 60% to hit)
You shoot an arrow. The arrow closely misses the wolf.
The wolf bites you!
You die...

....####..........###.##
##### # #P### #.......#..#
### #...## ### #P......#.##
##....## ##......####
#......# #......#..#
#....... #.........#
##....... ##........####
#........
##....†hS...####........
#.....†@Y..##P..........
##.....Yh..###..........
#..........#...........
##.........#)...P......
#........)............
###.......).............
#####.#..................###
#.#.......#.............##
###..#..P#.###..##........#


You could see 2 yaks, a water moccasin and 2 wolves.

Vanquished Creatures
  Harold (Lair:1)
  5 hydras
  A two-headed ogre (D:9)
  The ghost of Notanamesir the Blocker, a novice GnFi of Fedhas (D:8)
  3 death yaks (Lair:1)
  The ghost of PaleRider the Transmogrifier, a novice OpTm (D:8)
  The ghost of Tribosh the Markstengu, a novice TeHu of Okawaru (D:8)
  A black mamba (Lair:3)
  10 elephants
  A torpor snail (Lair:3)
  2 rime drakes
  8 cane toads
  Maggie (D:8)
  5 komodo dragons
  2 polar bears (Lair:3)
  A hornet (D:9)
  2 dream sheep (Lair:3)
  8 blink frogs (Lair:1)
  2 jumping spiders (Lair:3)
  2 wyverns
  A wraith (Ossuary)
  11 yaks
  2 redbacks (Lair:3)
  2 basilisks (Lair:2)
  2 swamp worms (Lair:2)
  An acid dragon (D:7)
  11 water moccasins
  An ice beast (D:6)
  3 orc warriors
  5 black bears
  4 wolves (Lair:1)
  2 ogres
  2 centaurs (D:6)
  10 bullfrogs
  3 kobold brigands
  5 necrophages
  9 scorpions
  3 wights (D:9)
  5 killer bees (D:9)
  An electric eel (Lair:1)
  3 centaur zombies (Ossuary)
  4 howler monkeys
  A bullfrog zombie (Ossuary)
  2 jellies
  6 orc priests
  5 iguanas
  3 orc wizards
  A scorpion zombie (Ossuary)
  12 gnolls
  4 river rats (Sewer)
  10 adders
  A shadow imp (D:6)
  3 white imps
  An ufetubus (D:5)
  An adder zombie (Ossuary)
  4 worms
  17 orcs
  8 endoplasms
  3 giant cockroaches
  8 hobgoblins
  9 jackals
  17 kobolds
  4 quokkas
  12 ball pythons
  2 bats (D:3)
  11 frilled lizards
  4 gnoll zombies (Ossuary)
  4 goblins
  2 goblin zombies (Ossuary)
  4 hobgoblin zombies (Ossuary)
  4 orc zombies (Ossuary)
  10 rats
321 creatures vanquished.

Vanquished Creatures (others)
  49 fungi
  73 plants
  4 withered plants (D:8)
126 creatures vanquished.

Grand Total: 447 creatures vanquished

Notes
Turn   | Place    | Note
-------+----------+-------------------------------------------
     0 | D:1      | HoaS the Gargoyle Hunter began the quest for the Orb.
     0 | D:1      | Reached XP level 1. HP: 12/12 MP: 1/1
   200 | D:1      | Reached XP level 2. HP: 17/17 MP: 2/2
   490 | D:1      | Found a faded altar of an unknown god.
   790 | D:2      | Reached skill level 5 in Ranged Weapons
   790 | D:2      | Reached XP level 3. HP: 21/21 MP: 3/3
  1167 | D:2      | Reached XP level 4. HP: 16/26 MP: 2/4
  1519 | D:3      | Reached skill level 6 in Ranged Weapons
  1562 | D:3      | Found a glowing drain.
  1566 | Sewer    | Entered a sewer
  1587 | Sewer    | Reached XP level 5. HP: 22/30 MP: 2/5
  1691 | Sewer    | Noticed a kobold brigand
  1702 | Sewer    | Killed a kobold brigand
  1703 | Sewer    | Reached skill level 7 in Ranged Weapons
  1714 | Sewer    | Noticed a kobold brigand
  1719 | Sewer    | Killed a kobold brigand
  1720 | Sewer    | Reached XP level 6. HP: 35/35 MP: 6/6
  2204 | D:3      | Identified a scroll of acquirement
  2204 | D:3      | Acquired a +0 longbow of flaming
  2704 | D:3      | Reached skill level 8 in Ranged Weapons
  2720 | D:3      | Found a hazy altar of Hepliaklqana.
  3003 | D:4      | Reached XP level 7. HP: 40/40 MP: 7/7
  3619 | D:5      | Entered Level 5 of the Dungeon
  3712 | D:5      | Reached skill level 9 in Ranged Weapons
  3781 | D:5      | Found a staircase to the Ecumenical Temple.
  3791 | Temple   | Entered the Ecumenical Temple
  3866 | D:5      | Found a blossoming altar of Fedhas.
  4078 | D:5      | Reached XP level 8. HP: 44/44 MP: 8/8
  4240 | D:5      | Reached skill level 10 in Ranged Weapons
  4573 | D:6      | Reached skill level 11 in Ranged Weapons
  5701 | D:6      | Reached XP level 9. HP: 48/48 MP: 9/9
  5799 | D:6      | Reached skill level 12 in Ranged Weapons
  6092 | D:7      | Found a snail-covered altar of Cheibriados.
  6395 | D:7      | Found a stormy altar of Qazlal.
  6395 | D:7      | Found a shadowy altar of Dithmenos.
  6395 | D:7      | Found a glowing silver altar of Zin.
  6395 | D:7      | Found a burning altar of Makhleb.
  6402 | D:7      | Found an iron altar of Okawaru.
  6402 | D:7      | Found an ornate altar of the Wu Jian Council.
  6417 | D:7      | Became a worshipper of Makhleb the Destroyer
  6774 | D:8      | Reached skill level 13 in Ranged Weapons
  6785 | D:8      | Found a sand-covered staircase.
  6785 | D:8      | Found a runed translucent gate.
  6785 | D:8      | Found a runed translucent gate.
  6785 | D:8      | Found a runed translucent gate.
  6792 | Ossuary  | Entered an ossuary
  6874 | Ossuary  | Reached * piety under Makhleb
  6958 | Ossuary  | Noticed a silent spectre
  7013 | D:8      | Noticed Notanamesir's ghost (novice GnFi)
  7013 | D:8      | Noticed Tribosh's ghost (novice TeHu)
  7013 | D:8      | Noticed PaleRider's ghost (novice OpTm)
  7238 | D:8      | Noticed Maggie
  7250 | D:8      | Killed Maggie
  7251 | D:8      | Reached skill level 14 in Ranged Weapons
  7393 | D:9      | Reached XP level 10. HP: 53/53 MP: 8/10
  7515 | D:9      | Reached skill level 15 in Ranged Weapons
  7541 | D:9      | Found a staircase to the Lair.
  7588 | D:9      | Reached ** piety under Makhleb
  7667 | D:9      | Noticed a two-headed ogre
  7675 | D:9      | Killed a two-headed ogre
  7741 | D:9      | Found a glowing golden altar of the Shining One.
  7741 | D:9      | Found a radiant altar of Vehumet.
  7955 | Lair:1   | Entered Level 1 of the Lair of Beasts
  7982 | Lair:1   | Reached skill level 5 in Fighting
  8034 | Lair:1   | Reached XP level 11. HP: 58/64 MP: 9/11
  8077 | Lair:1   | Reached skill level 5 in Dodging
  8363 | Lair:1   | Noticed Harold
  8377 | Lair:1   | Killed Harold
  8423 | Lair:1   | Noticed a death yak
  8423 | Lair:1   | Noticed a death yak
  8423 | Lair:1   | Noticed a death yak
  8438 | Lair:1   | Killed a death yak
  8444 | Lair:1   | Killed a death yak
  8449 | Lair:1   | Killed a death yak
  8836 | Lair:2   | Reached *** piety under Makhleb
  8837 | Lair:2   | Reached XP level 12. HP: 76/77 MP: 12/12
  8861 | Lair:2   | Noticed a four-headed hydra
  8877 | Lair:1   | Reached skill level 10 in Fighting
  9104 | Lair:2   | Killed a four-headed hydra
  9243 | Lair:2   | Found a runed translucent gate.
  9243 | Lair:2   | Found a runed translucent gate.
  9243 | Lair:2   | Found a runed translucent gate.
  9602 | Lair:2   | Noticed NoAnimeNoLife's ghost (journeyman SpHu)
  9814 | Lair:2   | Noticed a four-headed hydra
  9814 | Lair:2   | Noticed a five-headed hydra
  9819 | Lair:2   | Killed a five-headed hydra
  9825 | Lair:2   | Killed a four-headed hydra
  9826 | Lair:2   | Found a staircase to the Swamp.
 10595 | D:8      | Killed Notanamesir's ghost
 10599 | D:8      | Killed Tribosh's ghost
 10603 | D:8      | Killed PaleRider's ghost
 11010 | Lair:3   | Found a hole to the Spider Nest.
 11266 | Lair:3   | Reached XP level 13. HP: 86/86 MP: 13/13
 11659 | Lair:3   | Reached skill level 10 in Dodging
 12236 | Lair:3   | Reached **** piety under Makhleb
 12329 | Lair:3   | Slain by a wolf

Illustrated notes

Levels and vault maps discovered:
D:1:      lightli_molten_gateway, layout_loops_ring,
          hellmonk_ecumenical_altar_zigzags
D:2:      layout_loops_cross, st_stairs_7, minivault_19
D:3:      layout_loops_ring, nicolae_hepliaklqana_hippocampus,
          gup_sewer_entry_bowl
D:4:      layout_layer_cave, dreamdust_mushroom_princess
D:5:      layout_basic, mainiacjoe_overflow_concentric_impassable,
          minmay_temple_entry_tees, serial_glass, glass_columns_a,
          glass_columns_c, glass_columns_b, glass_columns_b
D:6:      layout_basic, st_stairs_4
D:7:      layout_loops_ring, minmay_overflow_temple_hex, minmay_ruined_shrine
D:8:      layout_basic, gammafunk_ghost_cemetery,
          nicolae_ossuary_entry_monument, nrook_uturn, uniq_maggie
D:9:      layout_cave_pools, nicolae_overflow_two_pavilions,
          due_lair_maze_entry_diamond
Temple:   nicolae_temple_no_exploring_needed
Lair:1:   layout_loops_ring, serial_bayou_shore_a, uniq_harold
Lair:2:   layout_small_grid, palyth_hydra_swamp_entry, gammafunk_ghost_icy
Lair:3:   layout_cave_pods, spider_nest_entry_funnel_web, lemuel_fruit_fields,
          lemuel_fruit_fields
Lair:4:   layout_loops_ring

Skill      XL: |  1  2  3  4  5  6  7  8  9 10 11 12 13 |
---------------+----------------------------------------+-----
Ranged Weapons | 5 6 7 8 9 11 14 15 | 15.0
Fighting       | 6 9 12 | 12.9
Dodging        | 4 7 9 10 | 10.7
Stealth        | |  1.1

Action                   |  1- 3 |  4- 6 |  7- 9 | 10-12 | 13-15 || total
-------------------------+-------+-------+-------+-------+-------++-------
 Fire: Shortbow          |    95 |   160 |    13 |       |       ||   268
       Longbow           |       |    62 |   282 |   557 |   132 ||  1033
  Use: Scroll            |     7 |     4 |    13 |     4 |     3 ||    31
       Potion            |       |       |     2 |     6 |       ||     8
Armor: Leather armour    |     9 |    50 |    44 |       |       ||   103
       Acid dragon scale |       |       |    38 |   205 |   122 ||   365
Dodge: Dodged            |    17 |    47 |    82 |   293 |   209 ||   648

Table legend: (Time is in decaauts)
 A = Elapsed time spent in this place.
 B = Non-inter-level travel time spent in this place.
 C = Inter-level travel time spent in this place.
 D = Time resting spent in this place.
 E = Time spent auto-exploring this place.
 F = Levels seen in this place.
 G = Mean time per level.
                   A        B        C        D        E       F      G
               +--------+--------+--------+--------+--------+-----+--------+
         Total |  12604 |  11786 |    818 |   1021 |   8517 |  16 |  787.8 |
       Dungeon |   7585 |   6966 |    619 |    233 |   5541 |   9 |  842.8 |
        Temple |     38 |     38 |      0 |      0 |      0 |   1 |   38.0 |
          Lair |   3964 |   3765 |    199 |    736 |   2307 |   4 |  991.0 |
         Sewer |    792 |    792 |      0 |     19 |    589 |   1 |  792.0 |
       Ossuary |    222 |    222 |      0 |     33 |     80 |   1 |  222.0 |
               +--------+--------+--------+--------+--------+-----+--------+

Top non-repeatable levels by time:
     D:6: 1634 daAuts
  Lair:2: 1561 daAuts
  Lair:3: 1414 daAuts
  Lair:1: 975 daAuts
     D:8: 832 daAuts
     D:5: 819 daAuts
     D:4: 811 daAuts
     D:1: 797 daAuts
     D:3: 796 daAuts
   Sewer: 792 daAuts
     D:9: 655 daAuts
     D:2: 650 daAuts
     D:7: 587 daAuts
 Ossuary: 222 daAuts
  Temple: 38 daAuts
